Map: New Repugnancy LE

Players

MaNa - Winner!

  • Race: Protoss Protoss
  • Spawn Location: 1:00

SKillous

  • Race: Protoss Protoss
  • Spawn Location: 7:00

Event: 2019 WCS Summer

VOD

Have the link to the VOD?

Description

Time

  • Played on: July 12, 2019, 9:25 a.m.
  • Length: 5:45

All games in this series

Show
View Real Time Build Order
Export as new Build Order

MaNa Protoss - Winner!

Build Orders:  

Get SALT Encoding   

  12  0:00  Probe  
  13  0:12  Probe  
  14  0:20  Pylon  
  14  0:24  Probe  
  15  0:34  Probe  
  15  0:40  Gateway  
  15  0:42  Probe  
  17  0:50  Assimilator  
  17  0:52  Probe  
  18  0:57  Assimilator  
  18  1:00  Probe  
  18  1:08  Probe, Gateway  
  20  1:18  Probe  
  21  1:27  Cybernetics Core  
  21  1:30  Probe  
  22  1:35  Pylon  
  22  1:42  Probe  
  23  1:54  Warp Gate  
  23  1:55  Probe  
  24  2:03  Stalker x2  
  24  2:07  Probe  
  29  2:18  Pylon  
  29  2:19  Probe  
  30  2:36  Stalker x2  
  34  2:39  Probe  
  35  2:53  Gateway  
  35  3:02  Pylon  
  35  3:06  Shield Battery  
  35  3:21  Probe  
  36  3:29  Nexus  
  36  3:33  Stargate  
  34  3:38  Shield Battery  
  34  3:42  Stalker  
  34  3:44  Stalker  
  34  3:48  Stalker  
  39  3:50  Pylon  
  39  4:08  Adept x2, Phoenix  
  43  4:11  Adept  
  43  4:29  Stalker x2  
  45  4:35  Phoenix  
  45  4:43  Stalker  
  43  5:04  Stalker  
  43  5:05  Stalker  
  47  5:08  Stalker  
  51  5:28  Pylon  
  51  5:34  Robotics Facility  
Show
View Real Time Build Order
Export as new Build Order

SKillous Protoss 

Build Orders:  

Get SALT Encoding   

  12  0:00  Probe  
  13  0:12  Probe  
  14  0:17  Pylon  
  14  0:24  Probe  
  15  0:32  Probe  
  15  0:39  Gateway  
  15  0:40  Probe  
  16  0:46  Assimilator  
  17  0:51  Probe  
  17  0:55  Assimilator  
  18  0:59  Probe  
  19  1:07  Probe  
  19  1:09  Gateway  
  19  1:17  Probe  
  21  1:29  Probe  
  21  1:30  Cybernetics Core  
  22  1:37  Pylon  
  22  1:41  Probe  
  23  1:57  Warp Gate  
  23  2:06  Robotics Facility  
  23  2:07  Adept x2  
  27  2:12  Pylon  
  27  2:37  Stalker x2  
  31  2:46  Immortal  
  31  2:57  Pylon  
  35  3:07  Stalker  
  35  3:08  Stalker  
  39  3:22  Shield Battery  
  39  3:25  Warp Prism  
  41  3:54  Stalker x2  
  45  4:05  Pylon  
  45  4:20  Sentry  
  45  4:27  Sentry  
  45  4:28  Stalker  
  49  4:33  Nexus  
  41  4:46  Probe  
  38  4:59  Stalker x2  
  38  5:01  Probe  
  39  5:07  Pylon  
  39  5:13  Probe  
  30  5:22  Stalker x2  
  30  5:27  Shield Battery  
  34  5:30  Probe  
  35  5:39  Shield Battery  
Tags
 
Add a new tag
Caveats
  • Supply blocks, unpowered buildings, or Contaminate may cause inaccurate times.
  • Supply counts are checked every 10 seconds.